 Dungeon Crawl Stone Soup version 0.25-a0-786-g5b70d41e48 (webtiles) character file.

Game seed: 8256893688555307588, levelgen mode: deterministic

7 ReteAZ the Skirmisher (level 1, -2/18 HPs)
             Began as a Mummy Chaos Knight on Apr 18, 2020.
             Was a Plaything of Xom.
             Slain by a hobgoblin
             ... wielding a +0 club
              (3 damage)
             ... on level 1 of the Dungeon.
             The game lasted 00:00:31 (119 turns).

ReteAZ the Skirmisher (Mummy Chaos Knight)           Turns: 119, Time: 00:00:32

Health: -2/18      AC:  5    Str: 15    XL:     1   Next: 91%
Magic:  1/1        EV: 11    Int: 11    God:    Xom [..*...]
Gold:   0          SH:  0    Dex: 11    Spells: 0/0 levels left

rFire    x . .     SeeInvis .   a - +0 falchion (chaos)
rCold    + . .     Gourm    .   (no shield)
rNeg     + + +     Faith    .   b - +2 leather armour
rPois    ∞         Spirit   .   (no helmet)
rElec    .         Reflect  .   (no cloak)
rCorr    .         Harm     .   (no gloves)
MR       .....                  (no boots)
Stlth    +.........             (no amulet)
HPRegen  0.06/turn              (no ring)
MPRegen  0.07/turn              (no ring)

@: no status effects
A: no food or potions, fire vulnerability, cold resistance 1, negative energy
resistance 3, torment resistance, unbreathing
a: Renounce Religion


You were on level 1 of the Dungeon.
You worshipped Xom.
You were a toy of Xom.
You were not hungry.

You visited 1 branch of the dungeon, and saw 1 of its levels.

Inventory:

Hand Weapons
 a - a +0 falchion of chaos (weapon)
Armour
 b - a +2 leather armour (worn)
Scrolls
 c - a scroll of magic mapping {unknown}
 d - a scroll of fear {unknown}


   Skills:
 + Level 3.1 Fighting
 * Level 2.6 Long Blades
 + Level 1.7 Armour
 + Level 1.0 Dodging


You couldn't memorise any spells.
You didn't know any spells.
Your spell library was empty.

Dungeon Overview and Level Annotations

Branches:
Dungeon (1/15)

Altars:


Innate Abilities, Weirdness & Mutations

You do not eat or drink.
Your flesh is vulnerable to fire.
You are immune to poison.
Your flesh is cold resistant. (rC+)
You are immune to negative energy. (rN+++)
You are immune to unholy pain and torment.
You can survive without breathing.


Message History

You hit the hobgoblin but do no damage.
The hobgoblin is poisoned.
The rat closely misses you.
You barely miss the hobgoblin. The rat bites you but does no damage.
The hobgoblin hits you with a +0 club.
* * * LOW HITPOINT WARNING * * *
The giant cockroach waves its antennae.
The rat barely misses you.
You hit the hobgoblin.
The hobgoblin is moderately wounded.
The jackal misses you. The hobgoblin misses you.
You riposte.
You slash the hobgoblin! You freeze the hobgoblin.
You kill the hobgoblin!
Your Dodging skill increases to level 1!
The jackal barely misses you.
You riposte.
You closely miss the jackal. The rat bites you but does no damage.
You hit the jackal.
The jackal is heavily wounded.
The jackal blinks!
The rat bites you but does no damage.
You barely miss the hobgoblin. The hobgoblin hits you with a +0 club.
You die...

#####..............
#.........#.##.....#
#.........#...##....
#......≈≈≈≈≈≈≈≈≈≈...
#....#.≈8≈≈≈§≈§8≈...
#......≈≈8≈≈s≈8≈≈.#
#......≈≈)####≈≈≈.#
#......≈≈†hr<#≈≈§.##
#......≈≈≈hg@#≈≈≈§..
#......≈≈≈####≈≈≈...
...h...≈≈8≈≈≈≈8≈≈...
##...[#≈8≈≈≈≈≈≈8≈...
.....#≈≈≈≈≈≈≈≈≈≈###
..# #####.......
#........ #........


You could see 2 jackals, a giant cockroach, a hobgoblin and a rat.

Vanquished Creatures
  A bat (D:1)
  A giant cockroach (D:1)
  A hobgoblin (D:1)
  A jackal (D:1)
  A frilled lizard (D:1)
  A kobold (D:1)
  A rat (D:1)
7 creatures vanquished.

Notes
Turn   | Place    | Note
-------+----------+-------------------------------------------
     0 | D:1      | ReteAZ the Mummy Chaos Knight began the quest for the Orb.
     0 | D:1      | Reached XP level 1. HP: 18/18 MP: 1/1
   117 | D:1      | Reached skill level 1 in Dodging
   119 | D:1      | Slain by a hobgoblin

Levels and vault maps discovered:
D:1:      lightli_arrival_boilingwater, layout_basic, serial_bayou_pond_d,
          minmay_misc_feat_iff

Skill      XL: |  1 |
---------------+----+-----
Dodging        | 1 |  1.0
Fighting       | |  3.1
Long Blades    | |  2.6
Armour         | |  1.7

Action                   || total
-------------------------++-------
Melee: Falchion          ||    23
Armor: Leather armour    ||     9
Dodge: Dodged            ||    15
       Rpst.: Falchion   ||     5

Table legend:
 A = Non-vault XP
 B = Vault XP
 C = Vault XP percentage of total XP
 D = Non-vault monster count
 E = Vault monster count
 F = Vault count percentage of total count
                 A         B        C        D         E       F
            +---------+---------+-------+---------+---------+-------
      Total |      11 |       0 |   0.0 |       7 |       0 |   0.0
            +---------+---------+-------+---------+---------+-------
        D:1 |      11 |       0 |   0.0 |       7 |       0 |   0.0
            +---------+---------+-------+---------+---------+-------
